 Dungeon Crawl Stone Soup version 0.29-a0-397-g846e4a0bbc (webtiles) character file.

Game seed: 6603252592759038553

83 Bruhh the Digger (level 4, -2/39 HPs)
             Began as an Ogre Earth Elementalist on May 12, 2022.
             Was an Initiate of Vehumet.
             Slain by a worm (5 damage)
             ... on level 3 of the Dungeon.
             The game lasted 00:04:41 (2717 turns).

Bruhh the Digger (Ogre Earth Elementalist)          Turns: 2717, Time: 00:04:42

Health: -2/39      AC:  3    Str: 12    XL:     4   Next: 44%
Magic:  1/8        EV:  9    Int: 18    God:    Vehumet [......]
Gold:   93         SH:  0    Dex:  9    Spells: 5/9 levels left

rFire   + . .      SeeInvis .   j - +1 dagger (venom)
rCold   + . .      Faith    .   (no shield)
rNeg    . . .      Spirit   .   b - +0 robe
rPois   +          Reflect  .   (helmet restricted)
rElec   +          Harm     .   (no cloak)
rCorr   +          Rampage  .   (gloves unavailable)
Will    .....                   (boots unavailable)
Stlth   +.........              g - amulet of the acrobat
HPRegen 0.13/turn               h - ring of flight
MPRegen 0.11/turn               (no ring)

@: resistant, flying
A: large, unfitting armour, tough skin 1
a: Renounce Religion


You were on level 3 of the Dungeon.
You worshipped Vehumet.
Vehumet was noncommittal.
You visited 1 branch of the dungeon, and saw 4 of its levels.

You collected 93 gold pieces.

Inventory:

Hand Weapons
 j - a +1 dagger of venom (weapon)
Missiles
 a - 73 stones
Armour
 b - a +0 robe (worn)
Jewellery
 e - an amulet of faith
 g - an amulet of the acrobat (around neck)
 h - a ring of flight (left hand)
 m - a ring of wizardry
Wands
 q - a wand of iceblast (8)
Scrolls
 i - 2 scrolls of immolation {unknown}
 l - a scroll of amnesia {unknown}
 n - a scroll of identify {unknown}
 p - a scroll of acquirement {unknown}
 u - a scroll of teleportation {unknown}
 w - a scroll of blinking {unknown}
Potions
 c - a potion of magic
 d - 2 potions of brilliance {unknown}
 f - 2 potions of resistance
 k - a potion of lignification {unknown}
 o - a potion of flight {unknown}
 r - a potion of haste {unknown}
 s - a potion of berserk rage {unknown}
 t - a potion of invisibility {unknown}
 v - a potion of curing {unknown}


   Skills:
 - Level 1.7 Dodging
 - Level 1.4 Stealth
 - Level 3.2 Spellcasting
 + Level 0.6 Conjurations
 - Level 0.8 Transmutations
 * Level 4.1 Earth Magic


You had 5 spell levels left.
You knew the following spells:

 Your Spells              Type           Power      Damage    Failure   Level
a - Sandblast             Erth           34%        2d9       3%          1
b - Stone Arrow           Conj/Erth      22%        3d8       19%         3

Your spell library contained the following spells:

 Spells                   Type           Power      Damage    Failure   Level
 Passwall                 Tmut/Erth      9%         N/A       9%          2
 Petrify                  Tmut/Erth      11%        N/A       50%         4


Dungeon Overview and Level Annotations

Branches:
Dungeon (4/15)
 Temple: D:4-7

Altars:
Makhleb
Okawaru
Vehumet


Innate Abilities, Weirdness & Mutations

You are too large for most types of armour.
You have tough skin. (AC +1)


Message History

You are too injured to fight recklessly!
You are too injured to fight recklessly!
You are too injured to fight recklessly!
Casting: Sandblast (safe; 3% risk of failure)
Confirm with . or Enter, or press ? or * to list all spells.
Aiming: Sandblast (safe; 3% risk of failure)
Press: ? - help, Shift-Dir - straight line, f/p - iguana
Aim: an iguana (heavily wounded, 82% to hit)
The blast of sand hits the iguana but does no damage.
The iguana is heavily wounded.
The iguana bites you.
* * * LOW HITPOINT WARNING * * *
Casting: Sandblast (safe; 3% risk of failure)
Confirm with . or Enter, or press ? or * to list all spells.
Aiming: Sandblast (safe; 3% risk of failure)
Press: ? - help, Shift-Dir - straight line, f/p - iguana
Aim: an iguana (heavily wounded, 82% to hit)
The blast of sand hits the iguana.
The iguana is heavily wounded.
The iguana bites you.
* * * LOW HITPOINT WARNING * * *
Unknown command.
Casting: Sandblast (safe; 3% risk of failure)
Confirm with . or Enter, or press ? or * to list all spells.
Aiming: Sandblast (safe; 3% risk of failure)
Press: ? - help, Shift-Dir - straight line, f/p - iguana
Aim: an iguana (heavily wounded, 82% to hit)
The blast of sand hits the iguana!
You kill the iguana!
Vehumet accepts your kill.
Your Earth Magic skill increases to level 4!
Unknown command.
You see here an iguana corpse.
There is a stone staircase leading up here.
You fly upwards.
The worm barely misses you.
There is a stone staircase leading down here.
It was a potion of resistance.
You feel protected. The worm bites you.
You die...

. .. .. #
### ..#
###.#####
..!
......w@#
..#
#########
..# ### #


You could see a worm.

Vanquished Creatures
  An iguana (D:4)
  A worm (D:2)
  3 bats
  3 endoplasms (D:1)
  6 giant cockroaches
  9 goblins
  A hobgoblin (D:1)
  7 jackals
  2 quokkas
  7 ball pythons
  2 frilled lizards
  3 kobolds
  5 rats
50 creatures vanquished.

Notes
Turn   | Place    | Note
-------+----------+-------------------------------------------
     0 | D:1      | Bruhh the Ogre Earth Elementalist began the quest for the
                  | Orb.
     0 | D:1      | Reached XP level 1. HP: 16/16 MP: 3/3
   305 | D:1      | Found a faded altar of an unknown god.
   350 | D:1      | Reached skill level 3 in Earth Magic
   353 | D:1      | Reached XP level 2. HP: 23/24 MP: 0/5
   886 | D:1      | Reached XP level 3. HP: 25/31 MP: 7/7
  1596 | D:2      | Learned a level 3 spell: Stone Arrow
  2302 | D:2      | Found a burning altar of Makhleb.
  2389 | D:3      | Found a radiant altar of Vehumet.
  2413 | D:3      | Became a worshipper of Vehumet
  2652 | D:3      | You are sucked into a shaft and drop 1 floor!
  2702 | D:4      | Found an iron altar of Okawaru.
  2706 | D:4      | Reached XP level 4. HP: 28/39 MP: 5/8
  2711 | D:4      | Reached skill level 4 in Earth Magic
  2717 | D:3      | Slain by a worm

Illustrated notes

Levels and vault maps discovered:
D:1:      nicolae_arrival_somewhat_less_tricky_arrival, layout_loops_ring,
          shapermc_ecumenical_altar_pompeii, minmay_split_cup_large
D:2:      layout_basic, basic_altar
D:3:      cheibrodos_helix_gallery, layout_basic, pf_just_have_faith,
          mainiacjoe_overflow_alcove_2, serial_park_tiny_1
D:4:      layout_loops_corners, minmay_overflow_temple_star_hex,
          okawaru_trees_1, minmay_temple_entry_arrows

Skill      XL: |  1  2  3  4 |
---------------+-------------+-----
Earth Magic    | 3 4 |  4.1
Spellcasting   | 3 |  3.2
Dodging        | |  1.7
Stealth        | |  1.4
Conjurations   | |  0.6
Transmutations | |  0.8

Action                   |  1- 3 |  4- 6 || total
-------------------------+-------+-------++-------
Melee: Unarmed           |    16 |       ||    16
       Dagger            |    49 |       ||    49
       Punch             |     1 |       ||     1
 Cast: Sandblast         |    46 |     5 ||    51
  Use: Potion            |       |     1 ||     1
 Stab: Sleeping          |     2 |       ||     2
Armor: Robe              |    36 |       ||    36
Dodge: Dodged            |    48 |     1 ||    49

Table legend: (Time is in decaauts)
 A = Elapsed time spent in this place.
 B = Non-inter-level travel time spent in this place.
 C = Inter-level travel time spent in this place.
 D = Time resting spent in this place.
 E = Time spent auto-exploring this place.
 F = Levels seen in this place.
 G = Mean time per level.
                   A        B        C        D        E       F      G
               +--------+--------+--------+--------+--------+-----+--------+
         Total |   2717 |   2576 |    141 |    238 |   1968 |   4 |  679.2 |
       Dungeon |   2717 |   2576 |    141 |    238 |   1968 |   4 |  679.2 |
               +--------+--------+--------+--------+--------+-----+--------+

Top non-repeatable levels by time:
     D:1: 1328 daAuts
     D:2: 1198 daAuts
     D:3: 126 daAuts
     D:4: 63 daAuts
